 Dungeon Crawl Stone Soup version 0.25-a0-464-g3004169 (webtiles) character file.

Game seed: 1305192522637732107, levelgen mode: deterministic

131 15 the Firebug (level 5, -7/28 HPs)
             Began as a Tengu Fire Elementalist on Feb 3, 2020.
             Mangled by Sigmund
             ... wielding a +0 scythe
              (14 damage)
             ... on level 3 of the Dungeon.
             The game lasted 00:07:53 (1517 turns).

15 the Firebug (Tengu Fire Elementalist)            Turns: 1517, Time: 00:07:53

Health: -7/28      AC:  3    Str:  9    XL:     5   Next: 14%
Magic:  8/10       EV: 15    Int: 16    God:
Gold:   115        SH:  0    Dex: 14    Spells: 2/9 levels left

rFire    . . .     SeeInvis .   p - +2 war axe (elec)
rCold    . . .     Gourm    .   (no shield)
rNeg     . . .     Faith    .   a - +0 robe
rPois    .         Spirit   .   (helmet restricted)
rElec    .         Reflect  .   (no cloak)
rCorr    .         Harm     .   m - +0 pair of gloves
MR       .....                  (boots unavailable)
Stlth    ++........             (no amulet)
HPRegen  0.09/turn              j - ring of wizardry
MPRegen  0.12/turn              (no ring)

@: flying quickly and evasively, very slightly contaminated, invisible, quick
A: beak, talons 3, able to fly
a: Stop Flying


You were on level 3 of the Dungeon.
You were not hungry.

You visited 1 branch of the dungeon, and saw 3 of its levels.

You collected 115 gold pieces.

Inventory:

Hand Weapons
 g - a +0 dagger
 i - a +0 flail
 p - a +2 war axe of electrocution (weapon)
Missiles
 l - 11 poisoned darts (quivered)
Armour
 a - a +0 robe (worn)
 m - a +0 pair of gloves (worn)
Jewellery
 j - a ring of wizardry (left hand)
Scrolls
 h - a scroll of noise {unknown}
 n - a scroll of immolation
 q - 2 scrolls of identify {unknown}
 r - a scroll of random uselessness {unknown}
 u - a scroll of teleportation {unknown}
Potions
 b - a potion of curing {unknown}
 d - a potion of brilliance {unknown}
 o - 2 potions of haste {unknown}
 s - a potion of might {unknown}
Comestibles
 c - 5 rations
 t - 2 chunks of flesh


   Skills:
 + Level 0.1 Short Blades
 + Level 0.7 Axes
 * Level 1.0 Armour
 + Level 2.7 Dodging
 + Level 2.1 Stealth
 + Level 0.8 Unarmed Combat
 + Level 2.8 Spellcasting
 * Level 2.5 Conjurations
 + Level 4.4 Fire Magic


You had 2 spell levels left.
You knew the following spells:

 Your Spells              Type           Power        Failure   Level  Hunger
a - Foxfire               Conj/Fire      ##..         1%          1    #......
b - Conjure Flame         Conj/Fire      ##......     6%          3    ###....
c - Inner Flame           Hex/Fire       #.......     9%          3    ###....

Your spell library contained the following spells:

 Spells                   Type           Power        Failure   Level  Hunger
 Sticky Flame             Conj/Fire      ##......     17%         4    #####..
 Fireball                 Conj/Fire      ##........   43%         5    ######.


Dungeon Overview and Level Annotations

Branches:
Dungeon (3/15)

Altars:
Nemelex Xobeh

Annotations:
D:3 Sigmund


Innate Abilities, Weirdness & Mutations

You have a beak for a mouth.
You have claws for feet.
You can fly continuously.


Message History

q - 2 scrolls labeled WUUGRO TETOL (gained 1) Sigmund the Dreaded comes into view.
He is wielding a +0 scythe.
Sigmund shouts!
Sigmund casts a spell.
Sigmund flickers and vanishes!
Deactivating autopickup; reactivate with Ctrl-A.
You fade into invisibility!
You are very lightly contaminated with residual magic.
There is a strange disturbance nearby!
Something hits you!
Ouch! That really hurt!
You barely miss something.
You hear some strange, mumbled words.
A puff of flame appears from out of thin air!
The puff of flame hits you!
* * * LOW HITPOINT WARNING * * *
You barely miss something. Something hits you!
Ouch! That really hurt!
You die...

#..................#
*,***
#........#########.#
*,,,, ##########
#.#####*** #.....##
####...###
#############..⌠.⌠.#..
#..............._..#.#
#.............#⌠.⌠##.#
#....@...............#
#.....<.......#####..#
#.............# #..#
#.............#####..#
#######..............#
#.############.#
#.#,,,* #.# #.#,*,*
#.# #.#,*,* #..


There were no monsters in sight!

Vanquished Creatures
  A gnoll (D:2)
  7 adders
  An ooze (D:2)
  A dart slug (D:2)
  5 leopard geckos
  A ball python (D:1)
  8 bats
  5 giant cockroaches (D:1)
  2 goblins
  A hobgoblin (D:1)
  8 kobolds
  2 frilled lizards
  12 rats
54 creatures vanquished.

Vanquished Creatures (others)
  92 foxfires
92 creatures vanquished.

Grand Total: 146 creatures vanquished

Notes
Turn   | Place    | Note
-------+----------+-------------------------------------------
     0 | D:1      | 15 the Tengu Fire Elementalist began the quest for the Orb.
     0 | D:1      | Reached XP level 1. HP: 10/10 MP: 4/4
    80 | D:1      | Reached XP level 2. HP: 14/15 MP: 4/6
   202 | D:1      | Reached skill level 4 in Fire Magic
   220 | D:1      | Reached XP level 3. HP: 19/19 MP: 5/7
   553 | D:2      | Learned a level 3 spell: Conjure Flame
   557 | D:2      | Learned a level 3 spell: Inner Flame
   604 | D:2      | Reached XP level 4. HP: 24/24 MP: 2/8
  1092 | D:2      | Gained mutation: You can fly continuously. [Tengu growth]
  1092 | D:2      | Reached XP level 5. HP: 21/28 MP: 6/10
  1443 | D:3      | Reached skill level 1 in Armour
  1472 | D:3      | Found a sparkling altar of Nemelex Xobeh.
  1508 | D:3      | Noticed Sigmund
  1517 | D:3      | Mangled by Sigmund

Levels and vault maps discovered:
D:1:      tarquinn_simple_flora_water_e, layout_rooms, st_stairs_13,
          minmay_worlds_worst_comb
D:2:      layout_basic, kennysheep_flooded_box, st_stairs_9, kennysheep_path_1
D:3:      layout_basic, nemelex_xobeh_ov_fountains_minmay,
          grunt_temple_overflow_diamond, portal_sewer_entry_e, first_ration,
          uniq_sigmund

Skill      XL: |  1  2  3  4  5 |
---------------+----------------+-----
Fire Magic     | 4 |  4.4
Conjurations   | 2 |  2.5
Armour         | 1 |  1.0
Short Blades   | |  0.1
Axes           | |  0.7
Dodging        | |  2.7
Stealth        | |  2.1
Unarmed Combat | |  0.8
Spellcasting   | |  2.8

Action                   |  1- 3 |  4- 6 || total
-------------------------+-------+-------++-------
Melee: Unarmed           |    28 |       ||    28
       Kick              |     8 |     3 ||    11
       Peck              |     8 |     3 ||    11
       Dagger            |    15 |     8 ||    23
       War axe           |       |    13 ||    13
Throw: Dart              |     2 |     1 ||     3
 Cast: Foxfire           |    38 |    35 ||    73
       Inner Flame       |     1 |       ||     1
 Abil: Fly               |       |     1 ||     1
  Use: Potion            |       |     2 ||     2
       Scroll            |       |     3 ||     3
 Stab: Sleeping          |     3 |     2 ||     5
       Invisible         |       |     1 ||     1
  Eat: Chunk             |       |     3 ||     3
Armor: Robe              |    11 |     4 ||    15
Dodge: Dodged            |    51 |    21 ||    72

Table legend:
 A = Non-vault XP
 B = Vault XP
 C = Vault XP percentage of total XP
 D = Non-vault monster count
 E = Vault monster count
 F = Vault count percentage of total count
                 A         B        C        D         E       F
            +---------+---------+-------+---------+---------+-------
      Total |     160 |      28 |  14.9 |      45 |       9 |  16.7
            +---------+---------+-------+---------+---------+-------
        D:1 |      29 |      13 |  31.0 |      16 |       7 |  30.4
        D:2 |     112 |      15 |  11.8 |      25 |       2 |   7.4
        D:3 |      19 |       0 |   0.0 |       4 |       0 |   0.0
            +---------+---------+-------+---------+---------+-------
